Map: King Sejong Station LE

Players

Gracz - Winner!

  • Race: Protoss Protoss

Brandon

  • Race: Terran Terran

VOD

Have the link to the VOD?

Description

Time

  • Played on: Oct. 19, 2016, 11:17 a.m.
  • Length: 25:28
Show
View Real Time Build Order
Export as new Build Order

Gracz Protoss - Winner!

Build Orders:  

Get SALT Encoding   

  12  0:02  Probe (Chrono Boost)  
  13  0:12  Probe (Chrono Boost)  
  14  0:25  Pylon  
  14  0:30  Probe (Chrono Boost)  
  15  0:43  Probe (Chrono Boost)  
  15  0:49  Gateway  
  16  0:53  Probe (Chrono Boost)  
  16  0:55  Gateway  
  17  1:06  Pylon  
  17  1:08  Assimilator  
  17  1:11  Probe (Chrono Boost)  
  18  1:21  Probe (Chrono Boost)  
  19  1:32  Probe (Chrono Boost)  
  20  1:48  Cybernetics Core  
  20  1:55  Unknown, Nexus  
  20  2:12  Gateway  
  20  2:18  Probe (Chrono Boost)  
  20  2:20  Assimilator  
  21  2:23  Pylon  
  21  2:29  Probe (Chrono Boost)  
  22  2:34  Adept x2  
  22  2:36  Warp Gate  
  26  3:06  Unknown  
  26  3:11  Adept x3  
  32  3:26  Probe (Chrono Boost)  
  34  3:28  Probe (Chrono Boost)  
  34  3:37  Probe (Chrono Boost)  
  34  3:40  Probe (Chrono Boost)  
  32  3:47  Probe (Chrono Boost)  
  32  3:48  Stalker x2  
  35  3:49  Stalker  
  35  3:52  Probe (Chrono Boost)  
  35  3:54  Assimilator  
  40  3:58  Probe (Chrono Boost)  
  42  4:04  Probe (Chrono Boost)  
  38  4:39  Probe (Chrono Boost)  
  38  4:40  Probe (Chrono Boost)  
  38  4:44  Pylon  
  40  4:47  Stalker x2  
  40  4:48  Stalker  
  40  4:49  Probe (Chrono Boost)  
  40  4:51  Pylon  
  40  4:52  Probe (Chrono Boost)  
  48  4:53  Pylon  
  48  4:54  Gateway  
  48  4:55  Gateway  
  48  5:02  Robotics Facility  
  48  5:14  Twilight Council  
  48  5:17  Robotics Facility  
  40  5:49  Stalker x3  
  40  5:57  Gateway x2  
  40  6:03  Robotics Facility  
  40  6:09  Stalker  
  42  6:14  Probe (Chrono Boost)  
  42  6:15  Mothership Core (Chrono Boost)  
  45  6:20  Unknown, Nexus  
  45  6:22  Pylon  
  45  6:24  Stalker  
  47  6:27  Sentry  
  49  6:37  Probe (Chrono Boost)  
  49  6:39  Stalker, Probe (Chrono Boost)  
  53  6:42  Sentry  
  55  6:48  Assimilator, Probe (Chrono Boost)  
  55  6:51  Probe (Chrono Boost)  
  55  6:52  Blink  
  55  6:53  Stalker  
  59  6:58  Probe (Chrono Boost)  
  61  7:03  Probe (Chrono Boost)  
  61  7:09  Probe (Chrono Boost)  
  62  7:18  Probe (Chrono Boost)  
  62  7:19  Stalker, Probe (Chrono Boost)  
  62  7:22  Sentry  
  70  7:30  Probe x2 (Chrono Boost)  
  70  7:32  Unknown  
  70  7:38  Forge  
  70  7:43  Templar Archives  
  70  7:49  Probe x2 (Chrono Boost)  
  70  7:51  Assimilator, Probe (Chrono Boost)  
  73  7:53  Stalker x2  
  73  7:55  Assimilator  
  73  7:56  Stalker  
  79  8:03  Probe (Chrono Boost)  
  80  8:07  Stalker x2  
  80  8:12  Probe x2 (Chrono Boost)  
  86  8:15  Probe (Chrono Boost)  
  87  8:21  Stalker x2  
  87  8:23  Probe x2 (Chrono Boost)  
  87  8:27  Protoss Ground Weapons Level 1, Probe (Chrono Boost)  
  94  8:30  Psionic Storm  
  94  8:33  Probe (Chrono Boost)  
  95  8:49  Immortal  
  99  8:56  Pylon  
  99  8:58  Pylon  
  99  9:00  Pylon  
  99  9:01  Pylon  
  99  9:07  Pylon  
  99  9:09  Pylon  
  99  9:10  Stalker  
  99  9:11  Pylon  
  99  9:16  Stalker  
  99  9:17  Stalker  
  105  9:20  Stalker x3  
  111  9:32  Immortal  
  111  9:37  Immortal  
  119  9:42  Robotics Bay  
  119  9:43  Probe x2 (Chrono Boost)  
  119  9:45  Probe (Chrono Boost)  
  122  9:47  Sentry  
  122  9:48  Sentry  
  122  9:49  Sentry  
  128  9:57  Probe (Chrono Boost)  
  83  10:23  Immortal  
  83  10:28  Immortal x2  
  93  10:30  Extended Thermal Lance  
  93  10:38  Robotics Facility  
  93  10:39  Robotics Facility  
  93  10:44  Stalker x2  
  97  10:59  Immortal  
  99  11:08  Colossus  
  99  11:09  Unknown, Colossus, Nexus  
  99  11:10  Pylon  
  97  11:14  Pylon  
  97  11:15  Assimilator  
  109  11:20  Assimilator  
  109  11:23  Stalker x3  
  115  11:30  Stalker  
  115  11:31  Stalker x2  
  121  11:48  Stalker x4  
  129  12:05  Stalker  
  129  12:07  Stalker x2  
  135  12:12  Stalker x4  
  143  12:16  Probe (Chrono Boost)  
  143  12:17  Probe x2 (Chrono Boost)  
  143  12:20  Unknown  
  146  12:28  Stalker  
  146  12:29  Protoss Ground Armor Level 1, Probe x2 (Chrono Boost)  
  150  12:31  Disruptor x2  
  150  12:33  Observer  
  95  13:46  Stalker x3  
  95  13:47  Stalker  
  103  13:56  Stalker x3  
  95  14:25  High Templar x3  
  95  14:26  High Templar x2  
  95  14:27  High Templar x2  
  88  14:58  Stalker x2, Immortal x3  
  88  14:59  Stalker x3, Immortal  
  98  15:00  Stalker x2  
  98  15:04  Immortal  
  122  15:17  Archon x2  
  122  15:33  Immortal x2  
  120  15:49  Stalker x5  
  106  16:04  Immortal  
  106  16:05  Stalker x2  
  114  16:18  Colossus  
  104  16:21  Colossus  
  104  16:22  Colossus  
  104  16:24  Unknown, Nexus  
  104  16:25  Immortal  
  104  16:27  Pylon  
  104  16:30  Pylon  
  104  16:32  Assimilator  
  126  16:37  Assimilator  
  124  16:52  Colossus  
  122  17:08  Stalker x3  
  122  17:09  Stalker  
  122  17:10  Stalker x3  
  112  17:32  Stalker  
  112  17:33  Stalker x2  
  112  17:35  Unknown  
  118  17:49  Disruptor x2  
  118  17:50  Immortal  
  118  17:57  Stalker  
  108  18:29  Unknown, Nexus  
  108  18:32  Pylon  
  102  18:36  Pylon  
  96  18:43  Stalker x3  
  96  18:44  Stalker x4  
  90  19:12  Immortal  
  90  19:13  Immortal x2  
  90  19:14  Immortal  
  90  19:17  Immortal  
  110  19:24  Stalker x2  
  110  19:25  Stalker x2  
  110  19:30  Assimilator  
  118  19:35  Assimilator  
  118  19:40  Unknown  
  118  19:41  Stalker x3  
  124  19:46  Immortal  
  124  19:47  Immortal  
  126  19:56  Immortal  
  118  20:15  Stalker x6  
  118  20:16  Stalker  
  132  20:23  Gateway  
  132  20:24  Gateway x2  
  132  20:25  Colossus  
  132  20:26  Gateway  
  132  20:27  Colossus  
  132  20:29  Probe (Chrono Boost)  
  132  20:31  Probe x3 (Chrono Boost)  
  119  21:19  Stalker x2  
  119  21:20  Stalker x2  
  107  21:36  Immortal x3  
  107  21:37  Immortal  
  103  21:41  Immortal  
  115  22:04  Stalker x3  
  115  22:05  Stalker x2  
  117  22:13  Observer x4  
  120  22:28  Stalker x4  
  120  22:29  Stalker  
  129  22:32  Stalker  
  130  22:43  Stalker x2  
  134  22:44  Stalker x2  
  124  23:34  Stalker, High Templar x2  
  126  23:35  High Templar x2  
  134  23:42  Archon x2  
  133  24:09  Stalker x4  
  141  24:10  Sentry, Stalker  
  141  24:11  Sentry  
  141  24:14  Stalker  
  149  24:24  Stalker  
  149  24:25  Stalker x2  
  142  24:54  Stalker x3  
  142  24:55  Stalker x2  
Show
View Real Time Build Order
Export as new Build Order

Brandon Terran 

Build Orders: Reaper Expand 

Get SALT Encoding   

  12  0:06  SCV  
  13  0:18  SCV  
  14  0:23  Supply Depot  
  14  0:29  Refinery  
  14  0:30  SCV  
  15  0:44  SCV  
  15  0:47  Barracks  
  16  0:56  SCV  
  17  1:09  SCV  
  18  1:21  SCV  
  19  1:34  Orbital Command  
  19  1:39  Reaper  
  20  1:48  Unknown, Command Center  
  20  2:01  SCV  
  20  2:02  Supply Depot  
  21  2:11  Marine  
  22  2:19  SCV  
  22  2:20  Barracks  
  23  2:27  Refinery  
  23  2:31  SCV  
  23  2:34  Marine  
  25  2:43  Factory, SCV  
  26  2:52  Marine  
  26  2:55  SCV  
  28  3:00  Unknown  
  27  3:10  Marine x2  
  29  3:15  SCV  
  30  3:25  SCV  
  31  3:27  Bunker  
  31  3:29  Supply Depot  
  30  3:38  SCV  
  30  3:40  SCV  
  32  3:42  Marine x2  
  34  3:51  SCV  
  34  3:53  SCV  
  36  3:56  Factory Tech Lab  
  36  3:59  Marine  
  37  4:03  Starport, SCV  
  37  4:05  SCV  
  37  4:07  Engineering Bay  
  38  4:15  SCV  
  36  4:17  SCV  
  36  4:21  Marine x2  
  38  4:29  SCV  
  39  4:32  Siege Tank  
  42  4:39  Marine x2  
  44  4:52  Supply Depot  
  44  4:53  SCV  
  44  4:56  SCV  
  44  4:57  Marine x2  
  44  4:59  Medivac  
  50  5:04  Siege Tank  
  50  5:05  SCV  
  54  5:08  Barracks  
  54  5:13  SCV  
  55  5:15  Starport  
  55  5:16  Supply Depot  
  55  5:17  Supply Depot  
  55  5:20  Supply Depot  
  55  5:22  Orbital Command  
  55  5:25  SCV  
  56  5:29  Missile Turret  
  50  5:45  Siege Tank  
  53  5:54  Supply Depot  
  53  5:55  SCV  
  54  6:05  Missile Turret, Terran Infantry Weapons Level 1  
  54  6:06  Missile Turret  
  54  6:07  Marine x2  
  54  6:08  Marine  
  57  6:14  Medivac x2  
  57  6:17  Siege Tank  
  64  6:21  SCV  
  64  6:24  SCV  
  66  6:27  Liberator  
  66  6:29  Refinery  
  66  6:33  Refinery, SCV  
  67  6:40  Missile Turret  
  67  6:44  Barracks Tech Lab  
  67  6:45  Barracks Reactor  
  67  6:46  SCV  
  71  6:57  Barracks Tech Lab  
  71  7:07  Siege Tank  
  74  7:09  Starport Tech Lab  
  74  7:11  Marine  
  74  7:14  Marine  
  76  7:24  Supply Depot  
  76  7:29  Marine  
  77  7:30  Engineering Bay  
  77  7:32  Marine  
  77  7:35  Armory  
  78  7:39  Liberator  
  78  7:43  Marine, Siege Tank  
  78  7:44  Marine  
  83  7:47  Marine, SCV  
  83  7:48  Armory  
  83  7:49  SCV  
  83  7:50  Marine  
  87  7:53  Starport Tech Lab  
  90  7:59  SCV  
  90  8:01  Marine x2, SCV  
  90  8:05  Marine  
  95  8:08  Marine  
  96  8:16  Siege Tank  
  99  8:22  Unknown, Command Center  
  99  8:23  Marine  
  99  8:26  Marauder  
  102  8:38  Supply Depot  
  102  8:47  Unknown, Command Center  
  102  8:55  Terran Infantry Weapons Level 2  
  102  8:59  Terran Infantry Armor Level 1  
  102  9:00  Marine x2, Marauder x2, Raven  
  102  9:01  Supply Depot  
  110  9:14  Barracks  
  110  9:15  Barracks  
  110  9:17  Barracks  
  110  9:18  Supply Depot  
  110  9:19  Supply Depot  
  110  9:22  Marine x3, Supply Depot  
  110  9:23  Supply Depot, Siege Tank, Marauder  
  118  9:33  Medivac, Unknown  
  120  9:40  Marine  
  120  9:41  Marauder  
  123  9:49  Stimpack  
  123  9:51  Combat Shields  
  123  9:59  Unknown  
  113  10:00  Marine  
  113  10:01  Marine x3  
  113  10:02  Marine x2  
  113  10:03  Marine  
  104  10:09  Planetary Fortress  
  95  10:15  SCV x2  
  95  10:16  Liberator  
  95  10:18  Marine x2  
  95  10:19  Marine  
  89  10:23  Marine x4  
  89  10:27  SCV  
  92  10:28  Siege Tank  
  98  10:38  Barracks Tech Lab  
  98  10:43  Barracks Tech Lab  
  98  10:49  Terran Vehicle Weapons Level 1  
  98  10:51  Marine x3  
  98  10:52  Marine  
  98  10:53  Barracks Reactor  
  98  10:55  SCV  
  103  11:01  Siege Tank  
  103  11:09  Marine x4, Supply Depot  
  103  11:10  SCV  
  106  11:18  SCV  
  106  11:22  SCV  
  108  11:27  Marine, SCV  
  108  11:30  SCV  
  111  11:34  SCV  
  111  11:39  SCV  
  113  11:42  Planetary Fortress  
  113  11:43  SCV  
  113  11:46  SCV  
  115  11:51  SCV  
  116  11:55  SCV  
  116  11:56  Terran Infantry Armor Level 2  
  116  11:58  SCV  
  116  12:00  Marauder x3  
  116  12:01  Marauder  
  126  12:02  Siege Tank  
  126  12:03  SCV  
  126  12:04  Banshee  
  126  12:07  SCV  
  134  12:10  SCV  
  134  12:12  Refinery  
  134  12:15  Refinery, SCV  
  136  12:19  SCV  
  136  12:22  Missile Turret, SCV  
  138  12:28  SCV x2  
  140  12:31  SCV  
  140  12:34  SCV, Siege Tank  
  145  12:39  Marine, Marauder x2  
  145  12:40  Marine x2, SCV x2, Marauder x2  
  145  12:41  Marine  
  145  12:43  Missile Turret  
  145  12:44  Terran Vehicle And Ship Armor Level 1  
  159  12:45  Terran Vehicle Weapons Level 2  
  159  12:46  SCV  
  160  12:57  Marine x2  
  162  12:59  SCV  
  162  13:01  Marauder x3  
  162  13:03  Missile Turret  
  111  13:14  Thor  
  111  13:16  Marine x2  
  108  13:22  Marine x2, Marauder  
  82  13:35  Marine x3  
  79  13:43  Banshee x2  
  81  13:57  Siege Tank  
  81  13:58  Marine x3  
  81  13:59  Marine, Marauder x3  
  82  14:13  Marine  
  82  14:16  Marine x2  
  79  14:20  Marauder  
  80  14:26  Viking  
  80  14:29  Siege Tank  
  76  14:37  Marine x2  
  76  14:38  Marine, Marauder x2  
  75  14:48  Marine x3  
  78  14:55  Marine x2  
  78  14:56  Marine  
  78  14:58  SCV  
  78  14:59  Marine x2  
  84  15:01  Siege Tank  
  84  15:06  Marine x3  
  90  15:10  SCV  
  90  15:13  Marine x3  
  94  15:17  Marine x2  
  94  15:18  Medivac  
  98  15:24  Marine x3  
  95  15:31  Marine x3  
  95  15:34  Marine  
  95  15:35  Marine  
  96  15:41  Marine  
  87  15:49  Marine x4  
  80  15:50  Marine  
  80  15:52  Marine x2  
  80  15:59  Marine  
  79  16:07  Marine x5  
  79  16:08  Siege Tank  
  79  16:10  Marine x2  
  89  16:16  Viking  
  89  16:17  Marine  
  91  16:25  Marine x5  
  94  16:27  Refinery  
  94  16:28  Marine x2  
  94  16:29  Refinery  
  99  16:35  Marine  
  100  16:40  Siege Tank  
  100  16:42  Marine  
  100  16:43  Marine x4  
  100  16:46  Marine x2  
  102  16:53  Marine  
  100  17:00  Marine x2  
  100  17:01  Marine x3  
  103  17:03  Marine  
  103  17:04  Marine  
  103  17:11  Marine  
  103  17:14  Terran Vehicle And Ship Armor Level 2  
  101  17:18  Marine x3, Unknown, Command Center  
  101  17:19  Marine x2  
  101  17:21  Marine  
  101  17:22  Marine  
  95  17:28  Marine  
  94  17:36  Marine x4  
  94  17:37  Marine  
  92  17:38  Banshee  
  92  17:39  Marine x2  
  92  17:40  Cloaking Field  
  98  17:45  Banshee  
  98  17:46  Marine  
  102  17:54  Marine x5  
  102  17:57  Marine x2, Refinery  
  109  18:00  Refinery  
  109  18:04  Marine  
  110  18:06  Missile Turret  
  110  18:13  Missile Turret  
  110  18:17  Marine x3  
  110  18:18  Marine  
  110  18:19  Marine x3  
  110  18:22  Marine  
  80  18:29  Unknown  
  70  18:35  Marine x2  
  70  18:36  Marine  
  70  18:37  Marine x2  
  65  18:57  SCV  
  64  19:09  SCV  
  59  19:12  Siege Tank  
  59  19:13  Marine x2  
  59  19:14  Marine x6  
  68  19:21  SCV  
  69  19:33  SCV  
  70  19:49  Viking x2  
  69  19:57  Marine x5, Marauder  
  69  19:58  Marauder x2  
  65  20:15  Reaper x3  
  65  20:19  Banshee x2  
  74  20:24  SCV  
  75  20:36  SCV  
  74  20:49  Marine x3  
  68  20:50  Marine, Marauder x3  
  71  21:01  Banshee  
  71  21:02  Banshee  
  53  21:34  Marine x2  
  53  21:35  Marine, Marauder x2  
  56  21:44  Banshee  
  57  21:52  Marine x2  
  57  21:53  Marauder  
  60  21:56  Marine, Marauder  
  56  22:09  Marine  
  56  22:10  Marine  
  56  22:13  Marine  
  56  22:14  Marine  
  57  22:18  Marauder  
  56  22:29  Siege Tank  
  56  22:33  Banshee  
  56  22:37  Marine, Marauder  
  60  22:47  Marine  
  60  22:48  Marine  
  46  23:10  Planetary Fortress  
  44  23:18  Marine x2  
  41  23:32  Marine  
  41  23:36  Marine  
  39  23:54  Unknown, Command Center  
  36  24:04  Barracks  
  36  24:07  Barracks, SCV  
  36  24:12  Supply Depot  
  36  24:20  Supply Depot  
  36  24:23  Supply Depot  
  36  24:31  Engineering Bay  
  36  24:36  Supply Depot  
  33  24:46  Supply Depot  
  31  24:59  Barracks Tech Lab, Supply Depot  
  31  25:06  Unknown  
Tags
 
Add a new tag
Caveats
  • Supply blocks, unpowered buildings, or Contaminate may cause inaccurate times.
  • Supply counts are checked every 10 seconds.